 Dungeon Crawl Stone Soup version 0.20-a0-309-gcba9277 (webtiles) character file.

15667 tboon the Cleaver (level 12, -6/106 HPs)
             Began as a Minotaur Fighter on Dec 19, 2016.
             Was a High Priest of Okawaru.
             Splashed by a centaur's acid (10 damage)
             ... on level 11 of the Dungeon.
             The game lasted 00:40:10 (10573 turns).

tboon the Cleaver (Minotaur Fighter)               Turns: 10573, Time: 00:40:11

Health: -6/106     AC:  2    Str: 23    XL:     12   Next: 3%
Magic:  7/14       EV: 11    Int:  7    God:    Okawaru [*****.]
Gold:   626        SH: 12    Dex: 13    Spells: 11/11 levels left

rFire  . . .     SeeInvis .     a - +1 war axe
rCold  . . .     Gourm    .     C - +0 plate armour
rNeg   . . .     Faith    .     c - +0 shield
rPois  .         Spirit   .     (helmet restricted)
rElec  .         Reflect  .     e - +1 cloak
rCorr  .         Harm     .     (no gloves)
MR     .....                    n - +0 pair of boots
Stlth  ..........               (no amulet)
                                D - +2 ring of intelligence
                                w - +1 ring of evasion

@: corroded
A: retaliatory headbutt, horns 2
a: Heroism, Finesse, Renounce Religion


You were on level 11 of the Dungeon.
You worshipped Okawaru.
Okawaru was extremely pleased with you.
You were not hungry.

You visited 1 branch of the dungeon, and saw 11 of its levels.

You collected 662 gold pieces.
You spent 36 gold pieces at shops.

Inventory:

Hand Weapons
 a - a +1 war axe (weapon)
 s - a +5 hand axe of freezing
   (Okawaru gifted it to you on level 11 of the Dungeon)
 u - a cursed -2 hand axe
   (You took it off an orc on level 4 of the Dungeon)
Armour
 c - a +0 shield (worn)
 e - a +1 cloak (worn)
   (You found it on level 1 of the Dungeon)
 n - a +0 pair of boots (worn)
   (You found it on level 9 of the Dungeon)
 C - a +0 plate armour (worn)
   (You found it on level 7 of the Dungeon)
Jewellery
 v - an uncursed ring of protection from fire {unknown}
   (You found it on level 11 of the Dungeon)
 w - a +1 ring of evasion (left hand)
   (You found it on level 4 of the Dungeon)
 D - a +2 ring of intelligence (right hand)
   (You found it on level 6 of the Dungeon)
Wands
 x - a wand of lightning (1/15)
   (You found it on level 11 of the Dungeon)
 K - a wand of flame (22/48)
   (You found it on level 9 of the Dungeon)
Scrolls
 g - 3 scrolls of teleportation
 h - a scroll of magic mapping {unknown}
 i - a scroll of fear {unknown}
 k - a scroll of recharging {unknown}
 m - 2 scrolls of enchant weapon
 q - a scroll of holy word {unknown}
 t - 5 scrolls of remove curse
 y - 2 scrolls of enchant armour
 F - a scroll of noise {unknown}
 J - a scroll of fog
 L - a scroll of silence {unknown}
 M - a scroll of brand weapon {unknown}
Potions
 b - 3 potions of flight
 d - 2 potions of might
 j - a potion of haste
 o - 3 potions of curing
 r - a potion of invisibility
 z - 2 potions of lignification {!q}
 A - a potion of resistance
 E - a potion of brilliance
Comestibles
 f - 11 bread rations
 l - a royal jelly
 p - 6 meat rations
 B - a slice of pizza
 G - 7 beef jerkies
 H - 3 chunks of flesh
 I - 2 fruits


   Skills:
 + Level 10.3 Fighting
 * Level 12.9 Axes
 + Level 9.9 Armour
 + Level 8.4 Dodging
 + Level 10.1 Shields
 + Level 4.8 Invocations


You had 11 spell levels left.
You didn't know any spells.

Dungeon Overview and Level Annotations

Branches:
Dungeon (11/15)            Temple (0/1) D:7            Lair (0/6) D:11
    Orc: D:9-12

Altars:
Ashenzari
Dithmenos
Elyvilon
Fedhas
Hepliaklqana
Makhleb
Nemelex Xobeh
Okawaru
Sif Muna
Trog
Yredelemnul
Zin

Shops:
D:8 *   D:11 (

Annotations:
D:11 3 runed doors, exclusion: orange crystal statue


Innate Abilities, Weirdness & Mutations

You reflexively headbutt those who attack you in melee.
You have a pair of horns on your head.


Message History

Your experience leads to an increase in your attributes!
Your base attributes are Str 22, Int 5, Dex 12.
Increase (S)trength, (I)ntelligence, or (D)exterity?
You feel agile.
You feel stronger.
There is an open door, spattered with blood here.
Items here: )))) † a giant club x2; a giant spiked club x2; a two-headed ogre corpse You butcher the two-headed ogre corpse.
H - 4 chunks of flesh
There is an open door, spattered with blood here.
Items here: )))) a giant club x2; a giant spiked club x2
Eating one of 4 chunks of flesh.
You start eating one of the 4 chunks of flesh.
This raw flesh tastes terrible.
Magic restored.
You open the door.
There is an open door here.
You feel like a meek peon again.
There is an open door here.
Things that are here:
an enchanted short sword; a robe
Found a stone staircase leading down.
There is a stone staircase leading down here.
You see here a leather armour.
Found a shiny ring mail.
There is an open door here.
You now have 626 gold pieces (gained 21).
You open the door. 2 orcs come into view.
The orc shouts! x2; You hear a shout!
An orc comes into view. It is wielding a hand axe.
The orc shouts!
Marking area around the orange crystal statue as unsafe for travelling.
An orc and an orange crystal statue come into view.
The orc shouts!
You block the orc's attack.
The orc moves out of view.
There is an open door here.
You slash the orc!
You kill the orc!
You slice the orc!!
You kill the orc!
You slash the orc!
You kill the orc!
You completely miss the orc. The orc hits you but does no damage.
You hit the orc.
The orc is almost dead.
The orc hits you but does no damage.
You hit the orc.
You kill the orc!
Okawaru accepts your kill.
Really walk into a travel-excluded area?
There is an open door here.
Items here: )))) ††† A centaur comes into view.
The orange crystal statue glitters.
You resist with some effort.
The centaur shouts!
The centaur zaps a wand.
The bolt of acid hits you! The acid corrodes you!
You are splashed with acid!
The acid burns!
It is a wand of acid (?/15).
The centaur wields a shortbow.
The centaur shoots an arrow.
You block the arrow.
Really walk into a travel-excluded area?
The centaur unwields an uncursed shortbow.
The centaur hits you but does no damage.
The orange crystal statue fixes its piercing gaze on you.
You feel your power leaking away.
You hit the centaur but do no damage.
You headbutt the centaur, but do no damage.
The centaur hits you.
You hit the centaur but do no damage. You headbutt the centaur.
The centaur is moderately wounded.
The centaur zaps a wand.
The bolt of acid hits you! The acid corrodes you!
You are splashed with acid!
The acid burns!
The centaur zaps a wand.
The bolt of acid misses you.
You slash the centaur! You headbutt the centaur.
The centaur is almost dead.
The orange crystal statue glitters.
You are confused.
The centaur drinks a potion.
The centaur is healed!
You miss the centaur. You headbutt the centaur.
The centaur is almost dead.
The centaur zaps a wand.
The bolt of acid misses you.
The orange crystal statue glitters.
The centaur wields an uncursed shortbow.
The centaur shoots an arrow.
The arrow barely misses you.
The centaur zaps a wand.
The bolt of acid misses you.
The centaur shoots an arrow.
The arrow hits you!
You see here an arrow.
You bump into the crystal wall.
The centaur shoots an arrow.
The arrow hits you.
You're too confused to move!
The centaur zaps a wand.
The bolt of acid hits you!
* * * LOW HITPOINT WARNING * * *
The acid corrodes you!
You are splashed with acid!
The acid burns!
* * * LOW HITPOINT WARNING * * *
You feel better.
The centaur zaps a wand.
The bolt of acid hits you!
* * * LOW HITPOINT WARNING * * *
The acid corrodes you!
You are splashed with acid!
The acid burns!
You die...

#......###
.###.#.........#
##.....# #
..#...........#
#....## ##.
#.##..........#
##...# ....
#..#...########
#..##
.....##.##...#
#..+
..8.a.'a.).#.#
#..##
....##c##..<#
#...# . #(.#..###
#...## #@##.##
##...# #...#..#
#...###
....###.##
##....###.###...#
#......#+#...###
###..........#
###.......##
#########


You could see a centaur and a worker ant.

Vanquished Creatures
  A centaur warrior (D:11)
  6 two-headed ogres
  Nergalle (D:11)
  The ghost of mynametaken the Arsonist, a novice DrFE of Vehumet (D:9)
  An unseen horror (D:11)
  An ugly thing (D:11)
  2 trolls
  A hornet (D:11)
  2 hippogriffs
  Sigmund (D:5)
  13 yaks
  2 wyverns
  5 humans (D:9)
  A hungry ghost (D:7)
  A water moccasin (D:10)
  An ice beast (D:7)
  2 sky beasts
  A black bear (D:8)
  An eye of draining (D:8)
  5 ogres
  4 phantoms
  14 centaurs
  3 big kobolds (D:8)
  5 bullfrogs
  A scorpion (D:5)
  4 killer bees (D:11)
  4 wights (D:11)
  2 howler monkeys
  5 crimson imps
  3 jellies
  2 centaur skeletons
  A gnoll shaman (D:6)
  2 orc priests
  6 hounds
  12 orc wizards
  Ijyb (D:3)
  3 iguanas
  7 worker ants
  3 worker ant zombies
  8 gnolls
  2 howler monkey skeletons
  14 adders
  5 shadow imps
  2 oozes
  2 adder skeletons
  4 worms
  3 leopard geckos
  43 orcs
  2 ball pythons (D:4)
  6 giant cockroaches
  10 goblins
  6 hobgoblins
  13 jackals
  19 kobolds
  A quokka (D:11)
  4 bats
  7 frilled lizards
  A leopard gecko zombie (D:5)
  7 rats
290 creatures vanquished.

Notes
Turn   | Place    | Note
-------+----------+-------------------------------------------
     0 | D:1      | tboon the Minotaur Fighter began the quest for the Orb.
     0 | D:1      | Reached XP level 1. HP: 19/19 MP: 0/0
    87 | D:1      | Reached XP level 2. HP: 27/27 MP: 1/1
   161 | D:1      | Reached skill level 1 in Dodging
   466 | D:1      | Reached XP level 3. HP: 33/33 MP: 2/2
   469 | D:1      | Reached skill level 4 in Shields
   780 | D:2      | Reached skill level 3 in Axes
   866 | D:2      | Reached skill level 4 in Armour
   891 | D:2      | Reached skill level 4 in Fighting
   910 | D:2      | Reached XP level 4. HP: 35/40 MP: 3/3
   975 | D:2      | Found an iron altar of Okawaru.
   977 | D:2      | Found a hazy altar of Hepliaklqana.
   979 | D:2      | Became a worshipper of Warmaster Okawaru
  1266 | D:2      | Found a bloodstained altar of Trog.
  1269 | D:2      | Found a sparkling altar of Nemelex Xobeh.
  1270 | D:2      | Found a blossoming altar of Fedhas.
  1302 | D:2      | Reached skill level 2 in Dodging
  1824 | D:3      | Noticed Ijyb
  1838 | D:3      | Killed Ijyb
  1838 | D:3      | Reached XP level 5. HP: 43/46 MP: 4/4
  2394 | D:3      | Reached skill level 4 in Axes
  2665 | D:4      | Reached * piety under Okawaru
  2665 | D:4      | Reached XP level 6. HP: 49/53 MP: 5/5
  3078 | D:4      | Reached skill level 5 in Fighting
  3078 | D:4      | Reached skill level 5 in Axes
  3078 | D:4      | Reached skill level 3 in Dodging
  3078 | D:4      | Reached skill level 5 in Shields
  3161 | D:4      | Reached skill level 5 in Armour
  3494 | D:5      | Entered Level 5 of the Dungeon
  3528 | D:5      | Found a shattered altar of Ashenzari.
  3563 | D:5      | Reached XP level 7. HP: 61/61 MP: 6/6
  3796 | D:5      | Noticed Sigmund
  3858 | D:5      | Killed Sigmund
  3986 | D:5      | Found a white marble altar of Elyvilon.
  4079 | D:5      | Reached skill level 6 in Axes
  4144 | D:5      | Reached skill level 4 in Dodging
  4374 | D:5      | Reached ** piety under Okawaru
  4615 | D:5      | Found a basalt altar of Yredelemnul.
  4773 | D:6      | Reached XP level 8. HP: 57/70 MP: 7/7
  5020 | D:6      | Reached skill level 6 in Shields
  5029 | D:6      | Reached skill level 6 in Fighting
  5029 | D:6      | Reached skill level 6 in Armour
  5120 | D:6      | Reached skill level 7 in Axes
  5637 | D:6      | Found a shadowy altar of Dithmenos.
  5680 | D:6      | Reached skill level 8 in Axes
  5938 | D:7      | Found a staircase to the Ecumenical Temple.
  6001 | D:7      | Noticed a hippogriff
  6008 | D:7      | Killed a hippogriff
  6008 | D:7      | Reached *** piety under Okawaru
  6053 | D:7      | Reached skill level 5 in Dodging
  6111 | D:7      | Reached XP level 9. HP: 78/78 MP: 8/8
  6161 | D:7      | Reached skill level 7 in Armour
  6252 | D:7      | Reached skill level 7 in Fighting
  6252 | D:7      | Reached skill level 7 in Shields
  6351 | D:7      | Found a deep blue altar of Sif Muna.
  6672 | D:8      | Reached skill level 9 in Axes
  6766 | D:8      | Found Facade Zigas's General Store.
  6777 | D:8      | Bought a potion of curing for 36 gold pieces
  6804 | D:8      | Reached **** piety under Okawaru
  6971 | D:8      | Noticed a two-headed ogre
  6977 | D:8      | Killed a two-headed ogre
  6984 | D:8      | Reached skill level 10 in Axes
  7027 | D:8      | Reached skill level 6 in Dodging
  7106 | D:8      | Noticed a two-headed ogre
  7116 | D:8      | Killed a two-headed ogre
  7116 | D:8      | Reached skill level 8 in Fighting
  7116 | D:8      | Reached skill level 8 in Armour
  7116 | D:8      | Reached skill level 8 in Shields
  7116 | D:8      | Reached XP level 10. HP: 77/88 MP: 6/9
  7408 | D:8      | Found a burning altar of Makhleb.
  7410 | D:8      | Noticed a blizzard demon
  7411 | D:8      | Found a glowing silver altar of Zin.
  7412 | D:8      | Noticed an angel
  7617 | D:9      | Noticed mynametaken's ghost (novice DrFE)
  7640 | D:9      | Killed mynametaken's ghost
  7640 | D:9      | Reached skill level 1 in Invocations
  7925 | D:9      | Noticed a two-headed ogre
  7934 | D:9      | Killed a two-headed ogre
  7934 | D:9      | Reached ***** piety under Okawaru
  7934 | D:9      | Reached skill level 11 in Axes
  7992 | D:9      | Reached skill level 2 in Invocations
  8073 | D:9      | Reached skill level 7 in Dodging
  8235 | D:9      | Reached skill level 9 in Fighting
  8352 | D:9      | Reached skill level 9 in Armour
  8352 | D:9      | Reached skill level 9 in Shields
  8514 | D:10     | Entered Level 10 of the Dungeon
  8821 | D:10     | Reached XP level 11. HP: 94/97 MP: 12/12
  8867 | D:10     | Reached skill level 3 in Invocations
  9177 | D:11     | Found a staircase to the Lair.
  9284 | D:11     | Reached skill level 12 in Axes
  9488 | D:11     | Noticed a centaur warrior
  9519 | D:11     | Killed a centaur warrior
  9519 | D:11     | Reached skill level 4 in Invocations
  9531 | D:11     | HP: 24/99 [something (3)]
  9538 | D:11     | HP: 23/99 [something (2)]
  9540 | D:11     | Killed an unseen horror
  9540 | D:11     | Received a gift from Okawaru
  9696 | D:10     | Noticed a two-headed ogre
  9704 | D:10     | Killed a two-headed ogre
  9704 | D:10     | Reached skill level 10 in Fighting
  9704 | D:10     | Reached skill level 8 in Dodging
  9871 | D:11     | Found a runed door.
  9880 | D:11     | Found a runed door.
  9900 | D:11     | Found a runed door.
  9919 | D:11     | Found a runed door.
  9975 | D:11     | Found Qoinnuu's Antique Weapon Shop.
 10061 | D:11     | Noticed Nergalle
 10075 | D:11     | Killed Nergalle
 10087 | D:11     | Noticed a white ugly thing
 10098 | D:11     | Killed a white ugly thing
 10098 | D:11     | Reached skill level 10 in Shields
 10405 | D:11     | Noticed a two-headed ogre
 10406 | D:11     | Noticed a two-headed ogre
 10416 | D:11     | Killed a two-headed ogre
 10421 | D:11     | Killed a two-headed ogre
 10421 | D:11     | Reached XP level 12. HP: 101/106 MP: 12/14
 10572 | D:11     | HP: 18/106 [centaur/wand of acid (?/15) (14)]
 10572 | D:11     | HP: 6/106 [acid (12)]
 10573 | D:11     | Splashed by a centaur's acid

Vault maps used:
D:1:      saegor_arrival_simple_b
D:2:      minitemple, first_bread
D:3:      uniq_iyjb
D:5:      kennysheep_ying_yang, evilmike_ruin_ashenzari, uniq_sigmund
D:6:      marbit_many_paths
D:7:      led_sif_pool, grunt_ogre_cave, hangedman_abyss_or_decor_stagger
D:8:      grunt_temple_overflow_order_and_chaos_2, serial_shops, shop
D:9:      minmay_ruffians
D:11:     lair_entry_dummy, serial_shops, shop_coins,
          minmay_statue_crystal_thing, uniq_nergalle

Skill      XL: |  1  2  3  4  5  6  7  8  9 10 11 |
---------------+----------------------------------+-----
Dodging        | 1 2 3 4 5 6 7 8 |  8.4
Shields        | 4 5 6 8 9 10 | 10.1
Axes           | 3 4 5 6 8 10 11 12 | 12.9
Armour         | 4 5 6 8 9 |  9.9
Fighting       | 4 5 6 8 9 10 | 10.3
Invocations    | 2 4 |  4.8

Action                   |  1- 3 |  4- 6 |  7- 9 | 10-12 || total
-------------------------+-------+-------+-------+-------++-------
Melee: War axe           |    79 |   186 |   298 |   440 ||  1003
       Headbutt          |     9 |    38 |    51 |    90 ||   188
Throw: Throwing net      |       |       |     1 |       ||     1
Invok: Heroism           |       |       |     3 |    18 ||    21
  Use: Scroll            |       |     6 |     8 |     5 ||    19
       Potion            |       |       |       |     4 ||     4
  Eat: Chunk             |       |     8 |     9 |    10 ||    27
       Beef jerky        |       |     1 |     1 |       ||     2
       Pizza             |       |       |     1 |     1 ||     2
Armor: Scale mail        |    45 |    31 |       |       ||    76
       Chain mail        |       |    31 |    82 |       ||   113
       Plate armour      |       |       |    21 |   133 ||   154
Dodge: Dodged            |    25 |    36 |    73 |   108 ||   242
Block: Shield            |    23 |    75 |   119 |   197 ||   414

Vault maps used:
D:1:      saegor_arrival_simple_b
D:2:      minitemple, first_bread
D:3:      uniq_iyjb
D:5:      kennysheep_ying_yang, evilmike_ruin_ashenzari, uniq_sigmund
D:6:      marbit_many_paths
D:7:      led_sif_pool, grunt_ogre_cave, hangedman_abyss_or_decor_stagger
D:8:      grunt_temple_overflow_order_and_chaos_2, serial_shops, shop
D:9:      minmay_ruffians
D:11:     lair_entry_dummy, serial_shops, shop_coins,
          minmay_statue_crystal_thing, uniq_nergalle

Table legend:
 A = Turns spent in this place as a percentage of turns spent in the entire game.
 B = Non-inter-level travel turns spent in this place as a percentage of non-inter-level travel turns spent in the entire game.
 C = Inter-level travel turns spent in this place as a percentage of turns spent in this place.
 D = Turns resting spent in this place as a percentage of non-inter-level travel turns spent in this place.
 E = Turns spent auto-exploring this place as a percentage of non-inter-level travel turns spent in this place.
 F = Non-inter-level travel turns spent in this place divided by the number of levels of this place that you've seen.
                   A       B       C       D       E      F
               +-------+-------+-------+-------+-------+----------------------
         Total | 100.0 | 100.0 |   0.5 |   2.6 |  11.3 | 233.6
       Dungeon | 100.0 | 100.0 |   0.5 |   2.6 |  11.3 | 233.6
               +-------+-------+-------+-------+-------+----------------------

Table legend:
 A = Kills in this place as a percentage of kills in entire the game.
 B = Kills by you in this place as a percentage of kills by you in the entire game.
 C = Kills by friends in this place as a percentage of kills by friends in the entire game.
 D = Other kills in this place as a percentage of other kills in the entire game.
 E = Experience gained in this place as a percentage of experience gained in the entire game.
 F = Experience gained in this place divided by the number of levels of this place that you have seen.
                   A       B       C       D       E      F
               +-------+-------+-------+-------+-------+----------------------
         Total | 100.0 | 100.0 |  -nan |  -nan | 100.0 | 2034.7
       Dungeon | 100.0 | 100.0 |  -nan |  -nan | 100.0 | 2034.7
               +-------+-------+-------+-------+-------+----------------------
